 Dungeon Crawl Stone Soup version 0.29-a0-334-gb41bcbb86e (webtiles) character file.

Game seed: 12155484677940707118

53 lunkers the Gusty (level 3, -3/19 HPs)
             Began as a Tengu Air Elementalist on Apr 13, 2022.
             Slain by an ogre
             ... wielding a +0 giant club
              (22 damage)
             ... on level 2 of the Dungeon.
             The game lasted 00:03:23 (1933 turns).

lunkers the Gusty (Tengu Air Elementalist)          Turns: 1933, Time: 00:03:23

Health: -3/19      AC:  2    Str:  8    XL:     3   Next: 87%
Magic:  1/8        EV: 12    Int: 17    God:
Gold:   70         SH:  0    Dex: 14    Spells: 1/7 levels left

rFire   . . .      SeeInvis .   (no weapon)
rCold   . . .      Faith    .   (no shield)
rNeg    . . .      Spirit   .   a - +0 robe
rPois   .          Reflect  .   (helmet restricted)
rElec   .          Harm     .   (no cloak)
rCorr   .          Rampage  .   (no gloves)
Will    .....                   (boots unavailable)
Stlth   ++........              (no amulet)
HPRegen 0.06/turn               (no ring)
MPRegen 0.11/turn               (no ring)

@: very slightly contaminated
A: beak, talons 3
a: no special abilities


You were on level 2 of the Dungeon.
You visited 1 branch of the dungeon, and saw 2 of its levels.

You collected 70 gold pieces.

Inventory:

Armour
 a - a +0 robe (worn)
Scrolls
 c - a scroll of identify
 e - a scroll of magic mapping {unknown}
 f - a scroll of immolation {unknown}
 g - a scroll of teleportation {unknown}
 i - a scroll of vulnerability {unknown}
 j - a scroll of fog {unknown}
 l - a scroll of amnesia {unknown}
 m - a scroll of enchant weapon {unknown}
Potions
 b - a potion of magic
 d - a potion of curing
 h - 2 potions of flight
 k - a potion of attraction {unknown}


   Skills:
 - Level 2.1 Dodging
 - Level 2.0 Stealth
 + Level 2.6 Spellcasting
 - Level 1.3 Conjurations
 * Level 5.6 Air Magic


You had one spell level left.
You knew the following spells:

 Your Spells              Type           Power      Damage    Failure   Level
a - Shock                 Conj/Air       56%        1d6       4%          1
b - Swiftness             Air            21%        N/A       5%          3
c - Static Discharge      Conj/Air       14%        N/A       7%          2

Your spell library contained the following spells:

 Spells                   Type           Power      Damage    Failure   Level
 Airstrike                Air            10%        N/A       19%         4


Dungeon Overview and Level Annotations

Branches:
Dungeon (2/15)

Altars:

Shops:
D:1 (


Innate Abilities, Weirdness & Mutations

You have a beak for a mouth.
You have claws for feet.


Message History

No target in view!
No target in view!
No target in view!
No target in view!
No target in view!
No target in view!
No target in view!
Casting: Shock (safe; 4% risk of failure)
Confirm with . or Enter, or press ? or * to list all spells.
The zap hits the ogre.
The ogre is heavily wounded.
Casting: Shock (safe; 4% risk of failure)
Confirm with . or Enter, or press ? or * to list all spells.
The zap hits the ogre.
The ogre is heavily wounded.
Casting: Shock (safe; 4% risk of failure)
Confirm with . or Enter, or press ? or * to list all spells.
The zap hits the ogre.
The ogre is severely wounded.
Casting: Shock (safe; 4% risk of failure)
Confirm with . or Enter, or press ? or * to list all spells.
The zap hits the ogre.
The ogre is severely wounded.
Casting: Shock (safe; 4% risk of failure)
Confirm with . or Enter, or press ? or * to list all spells.
The zap hits the ogre.
The ogre is almost dead.
Casting: Shock (safe; 4% risk of failure)
Confirm with . or Enter, or press ? or * to list all spells.
The zap hits the ogre.
The ogre is almost dead.
Casting: Shock (safe; 4% risk of failure)
Confirm with . or Enter, or press ? or * to list all spells.
You miscast Shock.
You are very lightly contaminated with residual magic.
Nothing appears to happen.
* * * LOW MAGIC WARNING * * *
The ogre hits you with a +0 giant club!!
Ouch! That really hurt!
You die...

#.###.. #...( #..# #..# #..#
############
#..#..#...........
##..#........#####.
#.O.#....###.#.###(
#.@#########.#.....
#................#. #.#
#..##.####.....#.## ..
#.....# #......... #.##
##.#######...#....# ... #.#
#...'........# #
#.####.###.###...##....
#.#...##.##........#..#..
#.##.#...##..'........#.####


You could see an ogre.

Vanquished Creatures
  2 adders (D:2)
  A worm (D:2)
  5 ball pythons (D:1)
  3 endoplasms
  4 giant cockroaches
  A goblin (D:1)
  3 hobgoblins
  2 jackals (D:2)
  A quokka (D:1)
  3 bats (D:1)
  2 kobolds (D:1)
  3 rats (D:1)
30 creatures vanquished.

Notes
Turn   | Place    | Note
-------+----------+-------------------------------------------
     0 | D:1      | lunkers the Tengu Air Elementalist began the quest for the
                  | Orb.
     0 | D:1      | Reached XP level 1. HP: 10/10 MP: 4/4
   260 | D:1      | Reached XP level 2. HP: 15/15 MP: 0/6
  1126 | D:1      | Found a faded altar of an unknown god.
  1372 | D:1      | Reached skill level 5 in Air Magic
  1391 | D:1      | Found Zuawno's Weapon Shop.
  1510 | D:2      | Reached XP level 3. HP: 19/19 MP: 2/7
  1514 | D:2      | Learned a level 3 spell: Swiftness
  1517 | D:2      | Learned a level 2 spell: Static Discharge
  1920 | D:2      | Noticed an ogre
  1933 | D:2      | Slain by an ogre

Illustrated notes

Levels and vault maps discovered:
D:1:      scummos_arrival_forest, layout_basic,
          dreamdust_ecumenical_altar_statues, serial_shops,
          nicolae_shop_bloodbath_and_beyond, grunt_decor_fettered
D:2:      layout_basic, minmay_rat_hole, uniq_jessica

Skill      XL: |  1  2 |
---------------+-------+-----
Air Magic      | 5 |  5.6
Dodging        | |  2.1
Stealth        | |  2.0
Spellcasting   | |  2.6
Conjurations   | |  1.3

Action                   || total
-------------------------++-------
 Cast: Shock             ||    76
  Use: Scroll            ||     3
Armor: Robe              ||     2
Dodge: Dodged            ||     5

Table legend: (Time is in decaauts)
 A = Elapsed time spent in this place.
 B = Non-inter-level travel time spent in this place.
 C = Inter-level travel time spent in this place.
 D = Time resting spent in this place.
 E = Time spent auto-exploring this place.
 F = Levels seen in this place.
 G = Mean time per level.
                   A        B        C        D        E       F      G
               +--------+--------+--------+--------+--------+-----+--------+
         Total |   1932 |   1902 |     30 |      0 |   1737 |   2 |  966.0 |
       Dungeon |   1932 |   1902 |     30 |      0 |   1737 |   2 |  966.0 |
               +--------+--------+--------+--------+--------+-----+--------+

Top non-repeatable levels by time:
     D:1: 1464 daAuts
     D:2: 468 daAuts
